 Dungeon Crawl Stone Soup version 0.30-a0-782-ge64f9170bb (webtiles) character file.

Game seed: 16635232219644697767

642 tilp the Slasher (level 8, -14/68 HPs)
             Began as a Meteoran Fighter on Mar 16, 2023.
             Was an Initiate of Okawaru.
             Killed from afar by a steam dragon (20 damage)
             ... with a ball of steam
             ... on level 8 of the Dungeon.
             The game lasted 00:07:29 (1582 turns).

tilp the Slasher (Meteoran Fighter)                 Turns: 1582, Time: 00:07:29

Health: -14/68     AC: 10    Str: 17    XL:     8   Next: 8%
Magic:  9/9        EV:  8    Int: 10    God:    Okawaru [......]
Gold:   63         SH:  0    Dex: 16    Spells: 7/7 levels left

rFire   . . .      SeeInvis .    a - +0 long sword (elec)
rCold   . . .      Faith    .    c - +0 buckler
rNeg    . . .      Spirit   .    d - +0 chain mail
rPois   .          Reflect  .    (no helmet)
rElec   .          Harm     .    (no cloak)
rCorr   .          Rampage  .    f - +0 pair of gloves
Will    +....                    (no boots) Stlth
                                 (no amulet)
HPRegen 0.31/turn                (no ring)
MPRegen 0.11/turn                (no ring)

@: confused, glowing, studying Throwing
A: sense surroundings 1, otherworldly, glowing, explore regen
a: Renounce Religion


You were on level 8 of the Dungeon.
You worshipped Okawaru.
Okawaru was noncommittal.
You visited 2 branches of the dungeon, and saw 10 of its levels.
You also visited: Sewer and Ossuary.

You collected 63 gold pieces.

Inventory:

Hand Weapons
 a - a +0 long sword of electrocution (weapon)
Missiles
 b - 4 stones
 l - 8 poisoned darts (quivered)
 n - a throwing net
Armour
 c - a +0 buckler (worn)
 d - a +0 chain mail (worn)
 f - a +0 pair of gloves (worn)
Scrolls
 i - a scroll of teleportation
Potions
 e - 2 potions of haste
 g - 2 potions of flight {unknown}
 h - 4 potions of magic
 j - a potion of resistance {unknown}
 k - a potion of lignification {unknown}
 m - a potion of mutation {unknown}
 o - a potion of curing {unknown}
 p - a potion of ambrosia {unknown}
 r - a potion of degeneration {unknown}
 t - 2 potions of brilliance


   Skills:
 * Level 5.3 Fighting
 * Level 7.2 Long Blades
 + Level 1.2 Throwing
 - Level 4.0 Armour
 + Level 3.3 Dodging
 - Level 4.0 Shields
 * Level 1.3 Invocations


You had 7 spell levels left.
You didn't know any spells.
Your spell library was empty.

Dungeon Overview and Level Annotations

Branches:
Dungeon (9/15) Zot: 4567   Temple (1/1) D:4 Zot: 484   Sewer (visited)
Ossuary (visited)
   Lair: D:8-11         Orc: D:9-12

Altars:
Ashenzari
Dithmenos
Fedhas
Gozag
Okawaru
Qazlal
Wu Jian
Yredelemnul
Zin


Innate Abilities, Weirdness & Mutations

You passively map a small area around you.
You are easily found by Zot.
You glow in the dark.
You regain HP and MP as you explore.


Message History

Lightning courses through the steam dragon!
The steam dragon is almost dead.
You block the orc priest's attack. The steam dragon breathes steam at you.
The ball of steam hits you.
The centaur hits you but does no damage.
The centaur kicks you but does no damage.
You closely miss the steam dragon.
The steam dragon is almost dead.
You are engulfed in a cloud of scalding steam.
The centaur hits you but does no damage.
The centaur kicks you but does no damage.
The orc priest hits you from afar with a +0 trident.
You hear some strange, mumbled words.
You are confused.
The steam dragon bites you.
The steam dragon claws you but does no damage.
The centaur hits you.
The centaur kicks you but does no damage.
You hit the steam dragon.
The steam dragon is almost dead.
You are engulfed in a cloud of scalding steam.
The orc priest casts a cantrip, but nothing happens.
The steam dragon bites you but does no damage.
The steam dragon claws you.
* * * LOW HITPOINT WARNING * * *
The centaur hits you.
* * * LOW HITPOINT WARNING * * *
The centaur closely misses you. The centaur attacks as you move away!
The centaur closely misses you. The centaur kicks you.
* * * LOW HITPOINT WARNING * * *
The centaur wields a +0 shortbow.
The centaur shoots an arrow.
The arrow barely misses you. Something hits you but does no damage.
The orc priest calls down the wrath of Beogh upon you.
Beogh smites you!
* * * LOW HITPOINT WARNING * * *
The steam dragon breathes steam at you. The ball of steam hits you!!
You die...

.##......########.....#
.#.....^..............#
'#+#############......#
......# ,....#.#'####
......# # #.##.#.###### *
).....# .# #.............
, ......###.#
#§.....####### * ** *
..........# #......######
'#........###...@........
.####....###>...§.######
.#.............ocD+,
.###.#######+##.o.# *
............ ......§c.
####.######....#######* *
####.# #.... , , , , , ,
.....# #.... * * ###### *
#...., *


You could see a steam dragon (catching breath), a centaur and 2 orc priests.

Vanquished Creatures
  Sigmund (D:2)
  Menkaure (Ossuary)
  A centaur (D:5)
  A kobold brigand (Sewer)
  A hound (D:4)
  An iguana (D:7)
  3 mummies (Ossuary)
  A gnoll (D:4)
  A river rat (Sewer)
  4 adders
  A white imp (D:7)
  An ufetubus (D:4)
  A worm (Sewer)
  6 ball pythons
  An endoplasm (D:4)
  3 giant cockroaches (D:4)
  3 gnoll zombies (Ossuary)
  A goblin (D:4)
  A hobgoblin (D:4)
  3 quokkas
  A bat (D:2)
  5 gnoll skeletons (Ossuary)
  5 goblin skeletons (Ossuary)
  4 goblin zombies (Ossuary)
  6 hobgoblin skeletons (Ossuary)
  5 hobgoblin zombies (Ossuary)
  3 kobolds
  4 kobold skeletons (Ossuary)
  3 kobold zombies (Ossuary)
  5 orc skeletons (Ossuary)
  4 orc zombies (Ossuary)
  3 rats (Sewer)
  6 rat zombies (Ossuary)
90 creatures vanquished.

Notes
Turn   | Place    | Note
-------+----------+-------------------------------------------
     0 | D:1      | tilp the Meteoran Fighter began the quest for the Orb.
     0 | D:1      | Reached XP level 1. HP: 19/19 MP: 2/2
    34 | D:2      | Reached skill level 3 in Long Blades
    34 | D:2      | Reached XP level 2. HP: 22/26 MP: 3/3
    81 | D:2      | Reached skill level 1 in Dodging
   111 | D:2      | Noticed Sigmund
   119 | D:2      | Killed Sigmund
   120 | D:2      | Reached skill level 5 in Long Blades
   120 | D:2      | Reached XP level 3. HP: 16/33 MP: 4/4
   120 | D:2      | Reached XP level 4. HP: 20/40 MP: 5/5
   120 | D:2      | Reached XP level 5. HP: 23/46 MP: 6/6
   120 | D:2      | Reached XP level 6. HP: 26/52 MP: 7/7
   164 | D:4      | Found a staircase to the Ecumenical Temple.
   219 | D:4      | Found a glowing drain.
   241 | Sewer    | Entered a sewer
   251 | Sewer    | Reached skill level 6 in Long Blades
   576 | D:4      | Found a sand-covered staircase.
   590 | Ossuary  | Entered an ossuary
   600 | Ossuary  | Reached XP level 7. HP: 59/60 MP: 8/8
   891 | Ossuary  | Noticed Menkaure
   912 | Ossuary  | Killed Menkaure
   913 | Ossuary  | Reached skill level 5 in Fighting
  1024 | Temple   | Entered the Ecumenical Temple
  1090 | Temple   | Became a worshipper of Warmaster Okawaru
  1189 | D:4      | Reached skill level 7 in Long Blades
  1191 | D:4      | HP: 2/61 [gnoll/+0 halberd (10)]
  1318 | D:5      | Entered Level 5 of the Dungeon
  1335 | D:5      | Reached skill level 1 in Invocations
  1335 | D:5      | Reached XP level 8. HP: 38/68 MP: 9/9
  1455 | D:7      | Reached skill level 1 in Throwing
  1569 | D:8      | Noticed a steam dragon
  1582 | D:8      | Killed from afar by a steam dragon

Illustrated notes

Levels and vault maps discovered:
D:1:      minmay_arrival_doors, layout_loops_ring,
          shapermc_ecumenical_altar_mp_vishouse
D:2:      layout_rooms, uniq_sigmund
D:3:      layout_basic, mainiacjoe_overflow_concentric_impassable
D:4:      layout_cave_pools, temple_green, serial_shops, shop_statue,
          enter_ossuary_1, portal_sewer_entry_f, serial_park, serial_park_gazebo
          [serial_park_minivault_5x5_8], serial_park_avenue1,
          serial_park_tiny_1, minmay_manual_macuahuitl
D:5:      layout_basic, minmay_checkerbox
D:6:      layout_loops_corners, grunt_temple_overflow_diamond,
          ebering_ghost_disaster_area, serial_shops, nicolae_shop_statue_plus,
          st_stairs_2, uniq_menkaure
D:7:      layout_gridville, nicolae_elemental_shop, uniq_duvessa, uniq_joseph
D:8:      layout_basic
D:9:      nicolae_moon_pools, layout_gridville, orc_david_3
Temple:   dpeg_five_rooms_temple

Skill      XL: |  1  2  3  4  5  6  7  8 |
---------------+-------------------------+-----
Long Blades    | 3 5 6 7 |  7.2
Dodging        | 2 3 |  3.3
Fighting       | 4 5 |  5.3
Shields        | 4 |  4.0
Armour         | 4 |  4.0
Invocations    | 1 |  1.3
Throwing       | 1 |  1.2

Action                     |  1- 3 |  4- 6 |  7- 9 || total
---------------------------+-------+-------+-------++-------
  Melee: Long sword        |    23 |    97 |   183 ||   303
    Use: Potion            |     1 |       |     2 ||     3
         Scroll            |       |     3 |     7 ||    10
 Armour: Scale mail        |    10 |    42 |    89 ||   141
         Chain mail        |       |       |    17 ||    17
  Dodge: Dodged            |     7 |    45 |    73 ||   125
  Block: Buckler           |     8 |    35 |    60 ||   103

Table legend: (Time is in decaauts)
 A = Elapsed time spent in this place.
 B = Non-inter-level travel time spent in this place.
 C = Inter-level travel time spent in this place.
 D = Time resting spent in this place.
 E = Time spent auto-exploring this place.
 F = Levels seen in this place.
 G = Mean time per level.
                   A        B        C        D        E       F      G
               +--------+--------+--------+--------+--------+-----+--------+
         Total |   1693 |   1493 |    200 |      0 |      0 |  12 |  141.1 |
       Dungeon |    831 |    680 |    151 |      0 |      0 |   9 |   92.3 |
        Temple |    115 |     66 |     49 |      0 |      0 |   1 |  115.0 |
         Sewer |    359 |    359 |      0 |      0 |      0 |   1 |  359.0 |
       Ossuary |    386 |    386 |      0 |      0 |      0 |   1 |  386.0 |
               +--------+--------+--------+--------+--------+-----+--------+

Top non-repeatable levels by time:
 Ossuary: 386 daAuts
     D:4: 365 daAuts
   Sewer: 359 daAuts
  Temple: 115 daAuts
     D:2: 114 daAuts
     D:8: 94 daAuts
     D:5: 88 daAuts
     D:7: 54 daAuts
     D:3: 53 daAuts
     D:1: 33 daAuts
     D:6: 19 daAuts
     D:9: 8 daAuts
